Unix NetHack Version 5.0.0-0 post-release - last build Jun 10 2026 00:39:30 (3ee93aec679c4c4259841fe613dc97188e26a321,branch:main).

Game began 2026-07-06 02:03:10, ended 2026-07-06 02:27:00.

DaveT, lawful male human Priest

                                                  ------#      ----------
                                                   ....|#      .........|
                                 --                -...|#      |...<....|
                                  .   -------      |...|#      |........|
                                  .   |.....|      |...|##     ---.----.-
                        | --     --|- |.._..|-     |...|##            ##
                        |... --+--... |.....|..--+--....#           ###
                        -.............|.....|..........|#            ######
                        |...........{.-----|-.{........|#       -.--------.-
                        |...................%....%.)...|#       |..........|
                        |   ---+--+-...........-|---...|########...........|
                                   |---.-------|.  |...|##      |..........|
                                   |..|.|.%%|%.|   |...|#       |..%.>.....|
                                   |..-.-.%.|..|   |...|##      ...........|
                        |   -----  ----@-----%------...|#       ------------
                        |.............@................|#
                        --------------------------------

DaveT the Adept              St:14 Dx:11 Co:15 In:9 Wi:15 Ch:14  Lawful
Dlvl:5  $:39 HP:0(59) Pw:82(82) AC:4  Xp:7 T:4686  Burdened

Latest messages:
 "Hello, DaveT!  Welcome again to Pengalengan's delicatessen!"
 You see here a food ration (for sale, 45 zorkmids).
 You see here a lembas wafer (for sale, 45 zorkmids).
 "For you, most gracious sir; only 45 zorkmids for this lembas wafer."
 You have a little trouble lifting n - a lembas wafer (unpaid, 45 zorkmids).
 You bought a lembas wafer for 45 gold pieces.
 "Thank you for shopping in Pengalengan's delicatessen!"
 You do not owe Pengalengan anything.
 You see here a food ration (for sale, 45 zorkmids).
 You do not owe Pengalengan anything.
 You see here a pick-axe.
 You have a little trouble lifting L - a pick-axe.
 The priestess of Tyr intones:
 "Pilgrim, you enter a sacred place!"
 You experience a sense of peace.
 The gas spore turns to flee.
 You kill the gas spore!
 Boom!
 The watch captain is caught in the gas spore's explosion!
 The watch captain gets angry!
 You are caught in the gas spore's explosion!
 The watch captain turns to flee.
 The watch captain turns to flee.
 The watch captain turns to flee.
 The watch captain turns to flee.
 You already found a monster.  Use 'm' prefix to force another search.
 You already found a monster.  Use 'm' prefix to force another search.
 You already found a monster.  Use 'm' prefix to force another search.
 You already found a monster.  Use 'm' prefix to force another search.
 You already found a monster.  Use 'm' prefix to force another search.
 You already found a monster.  Use 'm' prefix to force another search.
 You already found a monster.  Use 'm' prefix to force another search.
 You already found a monster.  Use 'm' prefix to force another search.
 The watch captain turns to flee.
 You hear a door open.
 You hear someone praising Tyr.
 The watch captain swings his silver saber.
 The watch captain hits!
 The watch captain swings his silver saber.
 The watch captain hits again!
 You miss the watch captain.
 The watch captain swings his silver saber.
 The watch captain hits!
 The watch captain swings his silver saber.
 The watch captain hits again!
 The watch captain swings his silver saber.
 The watch captain hits!
 You die...
 Do you want your possessions identified? [ynq] (y) y
 Do you want to see your attributes? [ynq] (y) q

Inventory:
 Coins    ('$')
  $ - 39 gold pieces
 Weapons  (')')
  B - 8 +0 arrows (in quiver)
  E - 9 +2 darts
  r - 15 +0 darts
  s - 6 +0 darts
  F - 4 +0 daggers
  l - 2 +0 orcish daggers
  D - a +0 aklys
  S - a blessed +2 long sword
  a - a blessed +5 mace (weapon in right hand)
 Armor    ('[')
  j - a +0 orcish helm (being worn)
  c - a +0 small shield (being worn)
  b - a +0 robe (being worn)
  A - a +0 leather armor (being worn)
 Comestibles  ('%')
  e - a clove of garlic
  o - 4 food rations
  n - a lembas wafer
  f - a sprig of wolfsbane
  i - a lichen corpse
 Scrolls  ('?')
  N - a scroll of amnesia
  W - a scroll of create monster
  g - a scroll of enchant armor
  Y - a scroll of gold detection
  X - a scroll of identify
  O - a cursed scroll of remove curse
  w - a cursed scroll of teleportation
 Spellbooks  ('+')
  T - a spellbook of remove curse
 Potions  ('!')
  k - a potion of full healing
  U - 2 potions of healing
  m - a potion of levitation
  H - a potion of oil
  v - a cursed potion of speed
  d - 2 potions of holy water
  t - 4 potions of water
 Rings    ('=')
  J - a ring of sustain ability (on left hand)
 Wands    ('/')
  R - a blessed wand of probing (0:6)
 Tools    ('(')
  K - a bell
  P - a brass lantern
  C - a figurine of a rope golem
  V - a lock pick
  h - an oil lamp
  L - a +0 pick-axe
  M - 2 tallow candles
  y - 4 wax candles
 Gems/Stones  ('*')
  Q - 2 worthless pieces of violet glass
  I - 2 worthless pieces of white glass

DaveT the Priest's attributes:

Background:
 You were an Adept, a level 7 human Priest.
 You were lawful, on a mission for Tyr
 who was opposed by Odin (neutral) and Loki (chaotic).
 You were right-handed.
 You were in the Gnomish Mines, on level 5.
 You entered the dungeon 4686 turns ago.
 It was nighttime.
 You had 806 experience points, 474 more were needed to attain level 8.

Basics:
 You had 0 out of 59 hit points.
 You had all 82 energy points (spell power).
 Your armor class was 4.
 Your wallet contained 39 zorkmids.
 Autopickup was off.

Final Characteristics:
 Your strength was 14 (limit:18/100).
 Your dexterity was 11 (limit:18).
 Your constitution was 15 (limit:18).
 Your intelligence was 9 (limit:18).
 Your wisdom was 15 (limit:18).
 Your charisma was 14 (limit:18).

Final Status:
 You weren't hungry.
 You were burdened; movement was slightly slowed.
 You were wielding a mace.
 You were skilled in mace.

Final Attributes:
 You were piously aligned.
 You were telepathic.
 You were guarded.
 Your spell casting was enhanced by wearing a robe.
 You had fixed abilities.
 You are dead.

Miscellaneous:
 You didn't encounter any bones levels.
 Total elapsed playing time was 23 minutes and 49 seconds.

Major events:
 Turn
    1: DaveT the lawful human Priest entered the dungeon
  325: entered the Gnomish Mines
 1026: attained the rank of Acolyte (level 3)
 3313: attained the rank of Adept (level 6)
 4421: reached Mine Town
 4686: killed by a watch captain

Spells:
 Name                 Level Category     Fail Retention
 detect monsters        1   divination     0%  76%-100%
 light                  1   clerical       0%   71%-80%

Skills:
 Fighting Skills
   bare handed combat [Unskilled]
 Weapon Skills
   club               [Unskilled]
   mace               [Skilled]
   morning star       [Unskilled]
   flail              [Unskilled]
   hammer             [Unskilled]
   quarterstaff       [Unskilled]
   polearms           [Unskilled]
   spear              [Unskilled]
   trident            [Unskilled]
   lance              [Unskilled]
   bow                [Unskilled]
   sling              [Unskilled]
   crossbow           [Unskilled]
   dart               [Unskilled]
   shuriken           [Unskilled]
   boomerang          [Unskilled]
   unicorn horn       [Unskilled]
 Spellcasting Skills
   healing spells     [Unskilled]
   divination spells  [Unskilled]
   clerical spells    [Basic]

Voluntary challenges:
 Character rerolling was not enabled.
 You never genocided any monsters.
 You never polymorphed an object.
 You never changed form.
 You used no wishes.
Achievements:
 You entered the Gnomish Mines.
 You attained the rank of Acolyte.
 You entered a shop.
 You attained the rank of Adept.
 You entered Minetown.
 You entered a temple.

 The Dungeons of Doom: levels 1 to 6
    Level 1:
       An altar to Tyr, a fountain.
    Level 2:
       An altar.
       Stairs down to The Gnomish Mines.
    Level 3:
       Some fountains.
    Level 4:
       A general store, a grave.
    Level 5:
       Many fountains.
    Level 6:
 The Gnomish Mines: levels 3 to 6
    Level 3:
    Level 4:
    Level 5: <- You were here.
       A food shop, a temple and an altar to Tyr, some fountains.
       Final resting place for
          you, killed by a watch captain.
    Level 6:


Vanquished creatures:
  4 Mordor orcs
  2 rock moles
  2 fog clouds
  2 yellow lights
  a shrieker
  3 gnome leaders
  2 gnomish wizards
  a red naga hatchling
  a black naga hatchling
  a gray ooze
  3 giant ants
  3 little dogs
  2 floating eyes
  2 kittens
  2 dwarves
  3 kobold shamans
  2 rothes
  a rabid rat
 an orc zombie
  3 dwarf zombies
  4 iguanas
  a coyote
  a gas spore
  4 manes
  a large kobold
  a hobgoblin
  3 giant rats
  4 cave spiders
  2 yellow molds
 21 gnomes
  a gnome zombie
  3 geckos
  3 jackals
  3 goblins
  a sewer rat
  7 grid bugs
  4 bats
  5 lichens
 11 newts
121 creatures vanquished.

No species were genocided or became extinct.

Game over:
                       ----------
                      /          \
                     /    REST    \
                    /      IN      \
                   /     PEACE      \
                  /                  \
                  |      DaveT       |
                  |      39 Au       |
                  |   killed by a    |
                  |  watch captain   |
                  |                  |
                  |                  |
                  |       2026       |
                 *|     *  *  *      | *
        _________)/\\_//(\/(/\)/\//\/|_)_______

Goodbye DaveT the Priest...

You died in The Gnomish Mines on dungeon level 5 with 3550 points,
and 39 pieces of gold, after 4686 moves.
You were level 7 with a maximum of 59 hit points when you died.

